 Dungeon Crawl Stone Soup version 0.28.0-53-g5a82cb258f (webtiles) character file.

Game seed: 2412735648855683173

10 Descartes the Grasshopper (level 2, 0/14 HPs)
             Began as a Spriggan Warper on May 23, 2022.
             Slain by a gnoll
             ... wielding a +0 club
              (6 damage)
             ... on level 1 of the Dungeon.
             The game lasted 00:01:03 (402 turns).

Descartes the Grasshopper (Spriggan Warper)          Turns: 402, Time: 00:01:04

Health: 0/14       AC:  2    Str:  7    XL:     2   Next: 10%
Magic:  6/6        EV: 17    Int: 20    God:
Gold:   28         SH:  0    Dex: 14    Spells: 6/6 levels left

rFire   . . .      SeeInvis +   a - +0 short sword
rCold   . . .      Faith    .   (no shield)
rNeg    . . .      Spirit   .   b - +0 robe
rPois   .          Reflect  .   (helmet restricted)
rElec   .          Harm     .   (no cloak)
rCorr   .          Rampage  .   (gloves unavailable)
Will    .....                   (boots unavailable)
Stlth   ++........              (no amulet)
HPRegen 0.04/turn               f - +6 ring of intelligence
MPRegen 0.10/turn               (no ring)

@: very quick
A: very small, no large weapons, unfitting armour, see invisible, speed 3
a: no special abilities


You were on level 1 of the Dungeon.
You visited 1 branch of the dungeon, and saw 1 of its levels.

You collected 28 gold pieces.

Inventory:

Hand Weapons
 a - a +0 short sword (weapon)
Missiles
 d - 5 boomerangs of dispersal (quivered)
 h - 30 stones
Armour
 b - a +0 robe (worn)
Jewellery
 f - a +6 ring of intelligence (left hand)
Scrolls
 c - a scroll of blinking
 g - a scroll of identify {unknown}
Potions
 e - a potion of flight {unknown}
 i - a potion of invisibility {unknown}
 j - a potion of heal wounds {unknown}


   Skills:
 - Level 1.5 Fighting
 + Level 2.4 Short Blades
 - Level 1.0 Throwing
 + Level 3.4 Dodging
 + Level 1.2 Stealth
 - Level 2.6 Spellcasting
 + Level 4.6 Translocations


You had 6 spell levels left.
You didn't know any spells.
Your spell library contained the following spells:

 Spells                   Type           Power      Damage    Failure   Level
 Blink                    Tloc           42%        N/A       3%          2
 Gell's Gravitas          Tloc           21%        N/A       6%          3
 Lesser Beckoning         Tloc           21%        N/A       6%          3
 Teleport Other           Tloc           21%        N/A       6%          3
 Manifold Assault         Tloc           21%        N/A       52%         5


Dungeon Overview and Level Annotations

Branches:
Dungeon (1/15)

Altars:


Innate Abilities, Weirdness & Mutations

You are very small and have problems with some larger weapons.
You are too small for most types of armour.
You have supernaturally acute eyesight. (SInv)
You cover ground extremely quickly. (Speed+++)


Message History

A giant cockroach comes into view.
The gnoll shouts!
You hit the gnoll.
The gnoll is moderately wounded.
The gnoll barely misses you.
You hit the gnoll.
The gnoll is moderately wounded.
The gnoll hits you with a +0 club.
You hit the gnoll.
The gnoll is severely wounded.
The gnoll closely misses you.
You closely miss the gnoll.
The gnoll is severely wounded.
The giant cockroach closely misses you. The gnoll hits you with a +0 club.
You are too injured to fight recklessly!
You are too injured to fight recklessly!
You are too injured to fight recklessly!
You are too injured to fight recklessly!
You are too injured to fight recklessly!
You are too injured to fight recklessly!
You are too injured to fight recklessly!
You are too injured to fight recklessly!
You are too injured to fight recklessly!
You are too injured to fight recklessly!
You are too injured to fight recklessly!
You are too injured to fight recklessly!
You are too injured to fight recklessly!
You are too injured to fight recklessly!
You are too injured to fight recklessly!
You are too injured to fight recklessly!
Unknown command.
The giant cockroach waves its antennae.
The giant cockroach closely misses you.
You hit the giant cockroach.
The giant cockroach is almost dead.
The giant cockroach closely misses you.
You hit the giant cockroach.
You kill the giant cockroach!
The gnoll hits you with a +0 club.
You die...

. .... .....# ##. .
.## ##..... #.. #.##
####).##.# ##..#####
#.....## #.......#
#......# ........#
#......# #.......#
#......# ........#
#...g..#
...)....########@.##
#..................#
#.................##
#................##
#...............##
#..............##
########......##
#....### #........


You could see a gnoll.

Vanquished Creatures
  An endoplasm (D:1)
  A giant cockroach (D:1)
  A goblin (D:1)
  2 hobgoblins (D:1)
  A bat (D:1)
  A frilled lizard (D:1)
  3 rats (D:1)
10 creatures vanquished.

Notes
Turn   | Place    | Note
-------+----------+-------------------------------------------
     0 | D:1      | Descartes the Spriggan Warper began the quest for the Orb.
     0 | D:1      | Reached XP level 1. HP: 10/10 MP: 5/5
   107 | D:1      | Found a faded altar of an unknown god.
   192 | D:1      | Reached skill level 1 in Stealth
   198 | D:1      | Reached XP level 2. HP: 7/14 MP: 6/6
   402 | D:1      | Slain by a gnoll

Illustrated notes

Levels and vault maps discovered:
D:1:      amcnicky_arrival_choice, layout_rooms, basic_ecumenical_altar,
          nrook_mini_backslash

Skill      XL: |  1 |
---------------+----+-----
Stealth        | 1 |  1.2
Fighting       | |  1.5
Short Blades   | |  2.4
Throwing       | |  1.0
Dodging        | |  3.4
Spellcasting   | |  2.6
Translocations | |  4.6

Action                   || total
-------------------------++-------
Melee: Short sword       ||    29
Armor: Robe              ||     2
Dodge: Dodged            ||    25
